 Dungeon Crawl Stone Soup version 0.28-a0-909-g796cbd3a86 (webtiles) character file.

Game seed: 16098833289846936422

695 bande the Chopper (level 7, -1/44 HPs)
             Began as a Gargoyle Fighter on Nov 24, 2021.
             Slain by a gnoll (6 damage)
             ... on level 4 of the Dungeon.
             The game lasted 00:07:18 (4894 turns).

bande the Chopper (Gargoyle Fighter)                Turns: 4894, Time: 00:07:18

Health: -1/44      AC: 14    Str: 26    XL:     7   Next: 64%
Magic:  7/7        EV: 10    Int:  9    God:
Gold:   202        SH:  5    Dex: 10    Spells: 6/6 levels left

rFire   + . .      SeeInvis .   a - +1 war axe
rCold   + . .      Faith    .   c - +1 buckler
rNeg    + . .      Spirit   .   b - +0 scale mail
rPois   ∞          Reflect  .   m - +0 helmet
rElec   +          Harm     .   (no cloak)
rCorr   +          Rampage  .   i - +0 pair of gloves
Will    .....                   (no boots)
Stlth   ..........              (no amulet)
HPRegen 0.14/turn               k - +6 ring of strength
MPRegen 0.10/turn               (no ring)

@: lit by a corona, resistant, glowing, studying Staves
A: sickness immunity, AC +4, negative energy resistance 1, electricity
resistance, torment resistance 1, petrification resistance
a: no special abilities


You were on level 4 of the Dungeon.
You visited 1 branch of the dungeon, and saw 4 of its levels.

You collected 202 gold pieces.

Inventory:

Hand Weapons
 a - a +1 war axe (weapon)
 g - a +3 club
Armour
 b - a +0 scale mail (worn)
 c - a +1 buckler (worn)
 i - a +0 pair of gloves (worn)
 m - a +0 helmet (worn)
Jewellery
 k - a +6 ring of strength (left hand)
 l - a ring of flight
Wands
 d - a wand of digging (3)
 h - a wand of flame (17)
 p - a wand of polymorph (2)
Scrolls
 f - 2 scrolls of enchant armour
 n - a scroll of amnesia {unknown}
Potions
 e - 2 potions of flight
 j - a potion of curing


   Skills:
 + Level 5.0 Fighting
 + Level 5.2 Axes
 + Level 4.9 Armour
 + Level 4.2 Shields
 * Level 2.1 Evocations


You had 6 spell levels left.
You didn't know any spells.
Your spell library contained the following spells:

 Spells                   Type           Power      Damage    Failure   Level
 Blink                    Tloc           0%         N/A       80%         2
 Lesser Beckoning         Tloc           0%         N/A       95%         3
 Manifold Assault         Tloc           0%         N/A       100%        5


Dungeon Overview and Level Annotations

Branches:
Dungeon (4/15)
 Temple: D:4-7

Altars:
Vehumet

Shops:
D:3 *   D:4 *


Innate Abilities, Weirdness & Mutations

You are immune to sickness and miasma.
Your stone body is resilient. (AC +4)
You are immune to poison.
You resist negative energy. (rN+)
You are resistant to electric shocks. (rElec)
You are resistant to unholy torment.
You are immune to petrification.


Message History

You block the gnoll's attack. The gnoll hits you but does no damage.
You hit the gnoll.
The gnoll is almost dead.
The gnoll hits you with a +0 halberd.
The gnoll hits you from afar with a +0 halberd.
* * * LOW HITPOINT WARNING * * *
The gnoll barely misses you.
You hit the gnoll.
You kill the gnoll!
The gnoll hits you from afar with a +0 halberd!
* * * LOW HITPOINT WARNING * * *
The gnoll hits you but does no damage. You block the gnoll's attack.
You closely miss the gnoll.
The gnoll hits you from afar with a +0 halberd.
* * * LOW HITPOINT WARNING * * *
The gnoll barely misses you.
You hit the gnoll.
The gnoll is moderately wounded.
The gnoll closely misses you. The gnoll hits you but does no damage.
You barely miss the gnoll.
The gnoll is moderately wounded.
The gnoll barely misses you. The gnoll closely misses you.
Unknown command.
You feel better.
The gnoll hits you but does no damage. x2
It was a potion of resistance.
You feel protected.
The gnoll hits you from afar with a +0 halberd.
* * * LOW HITPOINT WARNING * * *
The gnoll closely misses you.
You slash the gnoll!
You kill the gnoll!
The gnoll barely misses you.
The gnoll hits you from afar with a +0 halberd.
* * * LOW HITPOINT WARNING * * *
You slash the gnoll!
The gnoll is heavily wounded.
The gnoll hits you with a +0 flail.
* * * LOW HITPOINT WARNING * * *
The gnoll hits you from afar with a +0 halberd.
You die...

#.# #.#
####.###
......#
..... .g.
#g#
#@#########
#.##......#
#.##......##
#..........#
####.......#
#.......#
#.......#
#....)..#
#######.#


You could see 2 gnolls.

Vanquished Creatures
  Sigmund (D:3)
  A phantom (D:4)
  A centaur skeleton (D:4)
  A hound (D:3)
  An orc priest (D:4)
  A jelly (D:4)
  2 gnoll shamans
  Ijyb (D:2)
  Natasha (thrice) (D:3)
  Robin (D:3)
  An adder (D:2)
  9 gnolls
  4 dart slugs
  3 orcs (D:4)
  6 endoplasms
  6 giant cockroaches
  13 goblins
  7 hobgoblins
  6 kobolds
  5 quokkas
  2 ball pythons (D:3)
  3 bats
  4 frilled lizards
  21 rats
103 creatures vanquished.

Notes
Turn   | Place    | Note
-------+----------+-------------------------------------------
     0 | D:1      | bande the Gargoyle Fighter began the quest for the Orb.
     0 | D:1      | Reached XP level 1. HP: 14/14 MP: 1/1
   171 | D:1      | Reached XP level 2. HP: 19/20 MP: 2/2
   588 | D:2      | Reached XP level 3. HP: 24/24 MP: 3/3
   609 | D:2      | Found a radiant altar of Vehumet.
  1315 | D:3      | Noticed Ijyb
  1376 | D:2      | Killed Ijyb
  1377 | D:2      | Reached XP level 4. HP: 24/29 MP: 4/4
  1610 | D:3      | Noticed Sigmund
  1625 | D:3      | HP: 1/29 [Sigmund (2)]
  1626 | D:3      | Killed Sigmund
  1627 | D:3      | Reached XP level 5. HP: 1/34 MP: 5/5
  2218 | D:3      | Reached XP level 6. HP: 39/39 MP: 6/6
  2303 | D:3      | Noticed Robin
  2513 | D:3      | Killed Robin
  2641 | D:3      | Found Sunwitt's Assorted Antiques.
  2870 | D:3      | Noticed Natasha
  2876 | D:3      | Killed Natasha
  3055 | D:3      | Noticed Natasha
  3064 | D:3      | Killed Natasha
  3065 | D:3      | Reached skill level 1 in Evocations
  3182 | D:3      | Noticed Natasha
  3195 | D:3      | Killed Natasha
  3220 | D:4      | Identified a scroll of acquirement
  3220 | D:4      | Acquired a manual of Staves
  3249 | D:4      | Found Kuodgh's Overcharged Wands.
  3891 | D:4      | Reached XP level 7. HP: 38/44 MP: 7/7
  4705 | D:4      | Reached skill level 5 in Axes
  4883 | D:4      | Reached skill level 5 in Fighting
  4888 | D:4      | HP: 1/44 [gnoll (2)]
  4894 | D:4      | Slain by a gnoll

Illustrated notes

Levels and vault maps discovered:
D:1:      dpeg_arrival_windows_large_door, layout_basic, corexii_corridor_pit,
          minmay_split_cup_small
D:2:      layout_loops_ring, basic_altar, kennysheep_path_1
D:3:      layout_basic, serial_shops, nicolae_lakefront_shop, minmay_rat_hole,
          uniq_natasha, uniq_sigmund, uniq_robin, uniq_ijyb
D:4:      layout_basic, grunt_temple_overflow_diamond,
          chequers_serial_rivers_micro_e, nicolae_shop_overcharged_wands

Skill      XL: |  1  2  3  4  5  6  7 |
---------------+----------------------+-----
Axes           | 2 3 4 5 |  5.2
Fighting       | 4 5 |  5.0
Armour         | 4 |  4.9
Evocations     | 1 2 |  2.1
Shields        | 4 |  4.2

Action                   |  1- 3 |  4- 6 |  7- 9 || total
-------------------------+-------+-------+-------++-------
Melee: War axe           |    96 |   131 |    75 ||   302
  Use: Scroll            |     4 |     1 |     2 ||     7
       Potion            |     2 |       |     2 ||     4
Armor: Scale mail        |    57 |    84 |    34 ||   175
Dodge: Dodged            |    40 |    85 |    34 ||   159
Block: Buckler           |    16 |    52 |    28 ||    96

Table legend: (Time is in decaauts)
 A = Elapsed time spent in this place.
 B = Non-inter-level travel time spent in this place.
 C = Inter-level travel time spent in this place.
 D = Time resting spent in this place.
 E = Time spent auto-exploring this place.
 F = Levels seen in this place.
 G = Mean time per level.
                   A        B        C        D        E       F      G
               +--------+--------+--------+--------+--------+-----+--------+
         Total |   5005 |   5005 |      0 |   1617 |   2175 |   4 | 1251.2 |
       Dungeon |   5005 |   5005 |      0 |   1617 |   2175 |   4 | 1251.2 |
               +--------+--------+--------+--------+--------+-----+--------+

Top non-repeatable levels by time:
     D:3: 2397 daAuts
     D:4: 1084 daAuts
     D:2: 993 daAuts
     D:1: 529 daAuts
